 Dungeon Crawl Stone Soup version 0.23.2-33-g5129a83 (webtiles) character file.

Game seed: 6816131448668960218

23 Fortress the Firebug (level 2, -2/20 HPs)
             Began as a Draconian Fire Elementalist on June 28, 2019.
             Slain by a hippogriff (8 damage)
             ... on level 2 of the Dungeon.
             The game lasted 00:03:55 (1107 turns).

Fortress the Firebug (Draconian Fire Elementalist)  Turns: 1107, Time: 00:03:56

Health: -2/20      AC:  4    Str: 10    XL:     2   Next: 72%
Magic:  2/5        EV: 12    Int: 15    God:
Gold:   81         SH:  0    Dex: 11    Spells: 4/5 levels left

rFire    . . .     SeeInvis .   a - +0 short sword
rCold    . . .     Gourm    .   (no shield)
rNeg     . . .     Faith    .   (armour unavailable)
rPois    .         Spirit   .   (helmet restricted)
rElec    .         Reflect  .   (no cloak)
rCorr    .         Harm     .   (no gloves)
MR       .....                  (no boots)
Stlth    ++........             (no amulet)
HPRegen  0.06/turn              (no ring)
MPRegen  0.09/turn              (no ring)

@: no status effects
A: unfitting armour, cold-blooded, AC +4
a: no special abilities


You were on level 2 of the Dungeon.
You were very hungry.

You visited 1 branch of the dungeon, and saw 2 of its levels.

You collected 81 gold pieces.

Inventory:

Hand Weapons
 a - a +0 short sword (weapon)
 d - a +2 antimagic hand axe
Missiles
 e - 33 stones (quivered)
Jewellery
 g - an uncursed amulet of faith {unknown}
Scrolls
 f - a scroll of fear {unknown}
 h - a scroll of blinking {unknown}
Potions
 c - a potion of invisibility {unknown}
 i - a potion of ambrosia {unknown}
 j - a potion of agility {unknown}
Comestibles
 b - 2 rations


   Skills:
 - Level 2.0 Dodging
 - Level 2.1 Stealth
 + Level 2.1 Spellcasting
 + Level 1.2 Conjurations
 + Level 3.4 Fire Magic


You had 4 spell levels left.
You knew the following spells:

 Your Spells              Type           Power        Failure   Level  Hunger
a - Flame Tongue          Conj/Fire      #....        9%          1    #......

Your spell library contained the following spells:

 Spells                   Type           Power        Failure   Level  Hunger
 Throw Flame              Conj/Fire      #.....       13%         2    ###....
 Conjure Flame            Conj/Fire      #.......     26%         3    ###....
 Inner Flame              Hex/Fire       #.......     32%         3    ###....
 Sticky Flame             Conj/Fire      #.......     63%         4    #####..
 Fireball                 Conj/Fire      #.........   93%         5    ######.


Dungeon Overview and Level Annotations

Branches:
Dungeon (2/15)

Altars:


Innate Abilities, Weirdness & Mutations

Your plain brown scales are hard. (AC +4)
You cannot fit into any form of body armour.
You are cold-blooded and may be slowed by cold attacks.


Message History

Casting: Flame Tongue (safe; 9% risk of failure)
Confirm with . or Enter, or press ? or * to list all spells.
Aiming: Flame Tongue (safe; 9% risk of failure)
Press: ? - help, Shift-Dir - straight line, f/p - hippogriff
Aim: a hippogriff (lightly wounded)
The flame tongue hits the hippogriff.
The hippogriff is lightly wounded.
The hippogriff bites you.
The hippogriff pecks you but does no damage.
The hippogriff claws you!
* * * LOW HITPOINT WARNING * * *
Casting: Flame Tongue (safe; 9% risk of failure)
Confirm with . or Enter, or press ? or * to list all spells.
Aiming: Flame Tongue (safe; 9% risk of failure)
Press: ? - help, Shift-Dir - straight line, f/p - hippogriff
Aim: a hippogriff (lightly wounded)
The flame tongue hits the hippogriff.
The hippogriff is lightly wounded.
The hippogriff barely misses you. x2; The hippogriff claws you!
You die...

##.#.#.#####
#........... ##
#..#l#.# .
#....H.# #
#.#.##..####.#
#.#.##l#.....#
#..l..###.#######
#.#H##.#.........
#@# #....####.#
#.###.....###
#.##..........
#.###<.....##.
#.# #....#... #.#
#.#.#####. #.#
#.#.# #.# #.#..
#.####


You could see a hippogriff and a frilled lizard.

Vanquished Creatures
  A leopard gecko (D:1)
  3 bats (D:1)
  A giant cockroach (D:1)
  3 goblins (D:1)
  3 hobgoblins (D:1)
  A frilled lizard (D:1)
  6 kobolds (D:1)
  2 rats (D:1)
20 creatures vanquished.

Notes
Turn   | Place    | Note
-------+----------+-------------------------------------------
     0 | D:1      | Fortress the Draconian Fire Elementalist began the quest
                  | for the Orb.
     0 | D:1      | Reached XP level 1. HP: 14/14 MP: 3/3
   218 | D:1      | Reached XP level 2. HP: 20/20 MP: 1/5
  1097 | D:2      | Noticed a hippogriff
  1107 | D:2      | Slain by a hippogriff

Skill      XL: |  1  2 |
---------------+-------+-----
Stealth        | 2 |  2.1
Dodging        | 2 |  2.0
Spellcasting   | |  2.1
Conjurations   | |  1.2
Fire Magic     | |  3.4

Action                   || total
-------------------------++-------
Melee: Unarmed           ||    12
       Tailslap          ||     2
 Cast: Flame Tongue      ||    34
Armor: Skin              ||    10
Dodge: Dodged            ||    24
